 Dungeon Crawl Stone Soup version bcrawl-1.12-10-g10a67aac0f (webtiles) character file.

Game seed: 4403569045245062086

103 Freyura the Skirmisher (level 4, -1/41 HPs)
             Began as a Hill Orc Fighter on June 16, 2019.
             Slain by an orc
             ... wielding a +0 flail
              (4 damage)
             ... on level 2 of the Dungeon.
             The game lasted 00:03:38 (908 turns).

Freyura the Skirmisher (Hill Orc Fighter)            Turns: 908, Time: 00:03:38

Health: -1/41      AC:  8    Str: 23    XL:     4   Next: 79%
Magic:  4/4        EV:  7    Int:  8    God:
Gold:   57         SH:  9    Dex: 11    Spells: 3/3 levels left

rFire    . . .     SeeInvis .   a - +0 flail
rCold    . . .     Gourm    .   c - +0 shield
rNeg     . . .     Faith    .   b - +0 scale mail
rPois    +         Spirit   .   (no helmet)
rElec    .         Reflect  .   (no cloak)
rCorr    .         Harm     .   (no gloves)
MR       .....                  k - +0 pair of boots
Stlth    ..........             (no amulet)
HPRegen  0.13/turn              j - ring of poison resistance
MPRegen  0.09/turn              (no ring)

@: mighty, slowed, very slow
A: no striking features
a: no special abilities


You were on level 2 of the Dungeon.
You were not hungry.

You visited 1 branch of the dungeon, and saw 2 of its levels.

You collected 57 gold pieces.

Inventory:

Hand Weapons
 a - a +0 flail (weapon)
Armour
 b - a +0 scale mail (worn)
 c - a +0 shield (worn)
 k - a +0 pair of boots (worn)
Jewellery
 i - an uncursed amulet of rage {unknown}
 j - a ring of poison resistance (left hand)
Scrolls
 g - a scroll of remove curse
Potions
 e - 2 potions of curing {unknown}
 h - a potion of agility {unknown}
Comestibles
 f - 2 rations {!d}


   Skills:
 * Level 4.9 Fighting
   Level 4.9 Short Blades
   Level 4.9 Long Blades
   Level 4.9 Axes
   Level 4.9 Maces & Flails
   Level 4.9 Polearms
   Level 4.9 Staves
 + Level 4.0 Armour
 + Level 4.1 Shields
   Level 4.9 Unarmed Combat


You had 3 spell levels left.
You didn't know any spells.
Your spell library was empty.

Dungeon Overview and Level Annotations

Branches:
Dungeon (2/12)

Altars:


Message History

You sock the orc priest!
The orc priest is almost dead.
The orc priest mumbles some strange prayers to Beogh against you.
Beogh smites you!
* * * LOW HITPOINT WARNING * * *
You block the orc's attack. The orc barely misses you.
The orc hits you but does no damage. You block the orc's attack.
You sock the orc priest!
You kill the orc priest!
Your Armour skill increases to level 4!
Your Shields skill increases to level 4!
You block the orc's attack. x2; The orc hits you.
* * * LOW HITPOINT WARNING * * *
You block the rat's attack. The orc hits you but does no damage. x3
You closely miss the rat. The rat bites you but does no damage.
The orc hits you but does no damage. You block the orc's attack. x2
The rat barely misses you. The orc hits you with a +0 short sword.
* * * LOW HITPOINT WARNING * * *
The orc hits you but does no damage. The orc hits you with a +0 flail.
You die...

###........# ...
##...#.###.####..#..#
.................#..#
.......##.#...... ..
...#........>.....
..................
..#.##.##.#...#.#
.......).#o#......
....###..@r....#.# ..
##o#o.......
...#.#.....
.............
#.####.......#. #
##..#.. .. ...... .
......


You could see 3 orcs and a rat.

Vanquished Creatures
  An orc priest (D:2)
  An orc wizard (D:2)
  2 leopard geckos (D:1)
  2 bats (D:1)
  3 giant cockroaches
  5 goblins
  2 hobgoblins (D:1)
  4 jackals (D:1)
  A quokka (D:1)
  A ball python (D:1)
  6 frilled lizards (D:1)
  8 kobolds (D:1)
  5 rats
41 creatures vanquished.

Notes
Turn   | Place    | Note
-------+----------+-------------------------------------------
     0 | D:1      | Freyura the Hill Orc Fighter began the quest for the Orb.
     0 | D:1      | Reached XP level 1. HP: 20/20 MP: 1/1
   102 | D:1      | Reached XP level 2. HP: 25/27 MP: 2/2
   514 | D:1      | Reached XP level 3. HP: 34/34 MP: 3/3
   904 | D:2      | Reached XP level 4. HP: 33/41 MP: 4/4
   908 | D:2      | Slain by an orc

Skill      XL: |  1  2  3  4 |
---------------+-------------+-----
Armour         | 4 |  4.0
Shields        | 4 |  4.1
Fighting       | |  4.9
Short Blades   | |  4.9
Long Blades    | |  4.9
Axes           | |  4.9
Maces & Flails | |  4.9
Polearms       | |  4.9
Staves         | |  4.9
Unarmed Combat | |  4.9

Action                   |  1- 3 |  4- 6 || total
-------------------------+-------+-------++-------
Melee: Flail             |   138 |     4 ||   142
  Use: Scroll            |     2 |       ||     2
       Potion            |     1 |       ||     1
Armor: Scale mail        |    71 |     7 ||    78
Dodge: Dodged            |    36 |     3 ||    39
Block: Shield            |    85 |    11 ||    96
